 Dungeon Crawl Stone Soup version 0.29-a0-344-ge2f44be95a (webtiles) character file.

Game seed: 6490268415406516654

1428 spaghetti the Caller (level 8, -3/57 HPs)
             Began as a Demigod Wanderer on Apr 21, 2022.
             Killed from afar by Maggie (16 damage)
             ... with a bolt of acid
             ... on level 6 of the Dungeon.
             The game lasted 00:10:54 (4858 turns).

spaghetti the Caller (Demigod Wanderer)             Turns: 4858, Time: 00:10:54

Health: -3/57      AC: 19    Str: 23    XL:     8   Next: 21%
Magic:  13/13      EV: 11    Int: 25    God:
Gold:   262        SH:  0    Dex: 16    Spells: 6/10 levels left

rFire   . . .      SeeInvis .   y - +2 flail (protect) {mace}
rCold   . . .      Faith    .   J - orb {*Rage}
rNeg    . . .      Spirit   .   s - +4 scale mail {rPois}
rPois   +          Reflect  .   (no helmet)
rElec   .          Harm     .   (no cloak)
rCorr   .          Rampage  .   b - +0 pair of gloves
Will    .....      Rage     20% (no boots)
Stlth   ..........              (no amulet)
HPRegen 0.99/turn               z - +6 ring of intelligence
MPRegen 0.13/turn               l - +6 ring of strength

@: under a protective aura, mesmerised
A: high MP 1, forlorn, divine attributes, clever 1, regeneration 1, strong 1
a: no special abilities


You were on level 6 of the Dungeon.
You visited 1 branch of the dungeon, and saw 6 of its levels.

You collected 350 gold pieces.
You spent 88 gold pieces at shops.


Innate Abilities, Weirdness & Mutations

You have an increased reservoir of magic. (+10% MP)
You shall have no god before yourself.
Your divine heritage dramatically boosts your attributes as you level up.
Your mind is acute. (Int +2)
Your natural rate of healing is unusually fast.
Your muscles are strong. (Str +2)


   Skills:
 - Level 3.6 Polearms
 * Level 5.9 Armour
 - Level 2.6 Dodging
 - Level 1.7 Spellcasting
 + Level 7.4 Summonings


You had 6 spell levels left.
You knew the following spells:

 Your Spells              Type           Power      Damage    Failure   Level
a - Summon Small Mammal   Summ           100%       N/A       1%          1
b - Call Canine Familiar  Summ           39%        N/A       3%          3

Your spell library contained the following spells:

 Spells                   Type           Power      Damage    Failure   Level
 Magic Dart               Conj           8%         1d3       26%         1
 Searing Ray              Conj           4%         2d4       38%         2
 Portal Projectile        Hex/Tloc       4%         N/A       63%         3
 Fulminant Prism          Conj/Hex       1%         3d6       95%         4
 Leda's Liquefaction      Hex/Erth       1%         N/A       95%         4
 Dispersal                Tloc           1%         N/A       100%        6
 Disjunction              Tloc           1%         N/A       100%        8

Inventory:

Hand Weapons
 a - a +2 spear {polearm}
 p - a +2 hand axe of flaming {axe}
   (You found it on level 2 of the Dungeon)
 u - a +1 flail of protection {mace}
   (You took it off an orc on level 3 of the Dungeon)
 y - a +2 flail of protection (weapon) {mace}
   (You took it off an orc on level 3 of the Dungeon)
Missiles
 j - 144 stones (quivered) {throwing}
 D - 3 poisoned darts {throwing}
Armour
 b - a +0 pair of gloves (worn)
 d - a +0 robe
 e - a +0 plate armour
   (You found it on level 1 of the Dungeon)
 s - a +4 scale mail of poison resistance (worn)
   (You took it off Ijyb on level 3 of the Dungeon)
 J - an orb of wrath (worn)
   (You found it on level 6 of the Dungeon)
Magical Staves
 i - a staff of air {!astaff}
   (You found it on level 1 of the Dungeon)
Jewellery
 l - a +6 ring of strength (right hand)
   (You found it on level 5 of the Dungeon)
 n - a ring of protection from fire
   (You found it on level 2 of the Dungeon)
 z - a +6 ring of intelligence (left hand)
   (You found it on level 4 of the Dungeon)
 F - a ring of willpower
   (You found it on level 6 of the Dungeon)
 I - a ring of wizardry
   (You found it on level 6 of the Dungeon)
Wands
 c - a wand of paralysis (12)
   (You took it off Ijyb on level 3 of the Dungeon)
 g - a wand of iceblast (14)
   (You found it on level 5 of the Dungeon)
Scrolls
 f - 6 scrolls of teleportation {unknown}
 k - a scroll of fog {unknown}
 r - a scroll of identify {unknown}
 t - a scroll of enchant weapon {unknown}
 v - a scroll of silence {unknown}
 A - a scroll of holy word {unknown}
 B - a scroll of blinking {unknown}
 E - a scroll of noise {unknown}
Potions
 h - a potion of flight
 m - a potion of ambrosia {unknown}
 o - 3 potions of attraction {unknown}
 q - 3 potions of curing {unknown}
 w - a potion of might {unknown}
 x - a potion of cancellation {unknown}
 C - a potion of brilliance {unknown}
 G - 2 potions of haste {unknown}
 H - a potion of heal wounds {@q2}

Dungeon Overview and Level Annotations

Branches:
Dungeon (6/15)
 Temple: D:4-7

Shops:
D:1 *   D:2 :*=[?

Annotations:
D:6 Maggie

###.....##### #..
##.....##### ##.#
#...<.......
#................##
#..#####.........##
#.o# ##.>........
#..# #..........
#o@# #.#........
#o@# #.####...##
#>.######.####...#
#..##...........##
#......##.#######
#.###..##.#
#......##.#
######.#..#
##....##
##.#.#.##########


You could see Maggie (mesmerising), an orc priest and 2 orcs.


Message History

Found a runed orb.
f - 6 scrolls labelled HEUZAY GIAPRU (gained 1) Key pressed, stopping explore.
Key pressed, stopping explore.
An ice beast comes into view.
You sock the ice beast!
Your weapon exudes an aura of protection.
Your wolf misses the ice beast. The ice beast hits you.
The ice beast freezes you!
Your wolf bites the ice beast.
The ice beast barely misses you.
Your wolf bites the ice beast. 😕 HP[-10]
You take 10 damage, and now have 47/57 hp.
You sock the ice beast!
You kill the ice beast! 😕 HP[+1] 😕 HP[+1] 😕 HP[+1]
Press: ? - help, . - travel You can't see that place. [the floor.]
You see here an orb of wrath. 😎 HP[+7]
Your hp is fully restored (57).
You swap places.
You see here an orb of wrath.
J - an orb of wrath You start putting on your armour.
You continue putting on your orb of wrath. x4
You finish putting on your orb of wrath.
You swap places.
Key pressed, stopping explore.
There is a stone staircase leading up here.
Key pressed, stopping explore.
Key pressed, stopping explore.
Key pressed, stopping explore.
Maggie the Vainglorious comes into view.
She is wielding a +0 broad axe and carrying a wand of acid (6).
Maggie shouts!
You hear a shout!
Maggie casts a spell.
Maggie attempts to bespell you! You resist with some effort.
Maggie mumbles some strange words.
Maggie attempts to bespell you!
You are mesmerised by Maggie!
An orc comes into view.
It is wielding a +0 mace and quivering silver boomerangs.
The orc shouts!
Maggie mumbles some strange words.
Maggie draws you further into her thrall.
An orc comes into view. It is wielding a +0 club.
The orc shouts!
An orc priest comes into view. It is wielding a +0 dagger.
Maggie zaps a wand.
The bolt of acid misses you. The bolt of acid hits your wolf!
You hit Maggie.
Your weapon exudes an aura of protection.
Your wolf barely misses Maggie.
Maggie smiles, but it's obviously fake.
Maggie hits you but does no damage.
Maggie hits your wolf with a +0 broad axe!
Your wolf dies!
Your wolf's corpse disappears in a puff of smoke!
Maggie hits you but does no damage.
The orc priest begins to cast a cantrip, but forgets the words!
You closely miss Maggie.
Maggie hits you with a +0 broad axe. 😕 HP[-4]
You take 4 damage, and now have 53/57 hp.
You hit Maggie but do no damage.
Maggie zaps a wand.
The bolt of acid misses you.
The orc priest calls down the wrath of Beogh upon you.
Beogh smites you! 😕 HP[-9]
You take 9 damage, and now have 44/57 hp.
Unknown command.
Unknown command.
You hit Maggie.
Maggie mumbles some strange words.
Maggie draws you further into her thrall.
The orc barely misses you.
Maggie points at you and mumbles some strange words.
The bolt of fire hits you! The orc closely misses you.
The orc hits you but does no damage.
The orc priest casts a cantrip, but nothing happens. 😮 HP[-9]
You take 9 damage, and now have 35/57 hp.
You closely miss Maggie. Maggie hits you but does no damage.
The orc hits you with a +0 club.
The orc priest looks braver for a moment.
The orc closely misses you. 😮 HP[-1]
You take 1 damage, and now have 34/57 hp.
You sock Maggie!
Maggie zaps a wand.
The bolt of acid hits you!!
* * * LOW HITPOINT WARNING * * *
The orc hits you with a +0 club.
* * * LOW HITPOINT WARNING * * *
The orc barely misses you.
Maggie gives herself a magical halo, but it quickly sputters out.
Maggie zaps a wand.
The bolt of acid hits you!
You die...

Skill      XL: |  1  2  3  4  5  6  7 |
---------------+----------------------+-----
Summonings     | 1 2 3 5 6 7 |  7.4
Armour         | 3 5 |  5.9
Polearms       | |  3.6
Dodging        | |  2.6
Spellcasting   | |  1.7

Action                   |  1- 3 |  4- 6 |  7- 9 || total
-------------------------+-------+-------+-------++-------
Melee: Spear             |   106 |    45 |       ||   151
       Punch             |     2 |     1 |     1 ||     4
       Flail             |       |   127 |    87 ||   214
Throw: Stone             |       |    28 |     4 ||    32
 Cast: Summon Small Mamm |     2 |       |       ||     2
       Call Canine Famil |       |     7 |    15 ||    22
  Use: Potion            |     4 |     4 |       ||     8
Armor: Plate armour      |    28 |       |       ||    28
       Robe              |     1 |       |       ||     1
       Scale mail        |     3 |   161 |    61 ||   225
Dodge: Dodged            |    11 |   147 |    47 ||   205

Levels and vault maps discovered:
D:1:      sevenhm_arrival_forest_fort_large_4, layout_basic,
          basic_ecumenical_altar, serial_shops,
          nicolae_shop_competitors_out_of_business
D:2:      layout_rooms, serial_shops, nicolae_shop_hallway_plus,
          nicolae_shop_temple_entry_statues_fountains, nicolae_diamond_shop,
          nicolae_shop_temple_entry_statues_fountains, nicolae_shop_behind_doors
D:3:      layout_basic, uniq_grinder, uniq_ijyb
D:4:      layout_cave_pools, serial_forest, infiniplex_forest_clump_long,
          infiniplex_forest_corner_1, infiniplex_forest_clump_large,
          infiniplex_forest_clump_C, infiniplex_forest_clump_double,
          infiniplex_forest_end_2, infiniplex_forest_straight_5,
          infiniplex_forest_lined_2, infiniplex_forest_pool
D:5:      layout_basic
D:6:      layout_loops_ring, uniq_maggie

Notes
Turn   | Place    | Note
-------+----------+-------------------------------------------
     0 | D:1      | spaghetti the Demigod Wanderer began the quest for the Orb.
     0 | D:1      | spaghetti set off with the following items: a +2 spear
                  | {polearm}, a +0 pair of gloves, a potion of berserk rage
                  | {!q}, a +0 robe; and the following spell memorised: Summon
                  | Small Mammal; and the following spells available to
                  | memorise: Call Canine Familiar
     0 | D:1      | Reached XP level 1. HP: 14/14 MP: 5/5
     0 | D:1      | magus.rc [v1.9.6]
   206 | D:1      | Reached skill level 1 in Summonings
   366 | D:1      | Reached XP level 2. HP: 16/20 MP: 7/7
   449 | D:1      | Found Fishreosa's General Store.
   795 | D:1      | Reached skill level 2 in Summonings
   928 | D:2      | Found Esheog's Jewellery Emporium.
   978 | D:2      | Found Cojioh's General Store.
  1027 | D:2      | Found Istepytu's Book Shop.
  1131 | D:2      | Found Qaros's Magic Scroll Emporium.
  1186 | D:2      | Found Zahull's Armour Shoppe.
  1191 | D:2      | You pick up a book of the Hunter and begin reading...
  1191 | D:2      | You add the spells Portal Projectile and Leda's
                  | Liquefaction to your library.
  1351 | D:2      | Bought a potion of mutation for 88 gold pieces
  1351 | D:2      | Gained mutation: You sometimes lose the ability to read
                  | scrolls when taking damage. [potion of mutation]
  1351 | D:2      | Gained mutation: Your body sometimes deteriorates upon
                  | taking damage. [potion of mutation]
  1351 | D:2      | Gained mutation: Your body often deteriorates upon taking
                  | damage. [potion of mutation]
  1351 | D:2      | Gained mutation: Your natural rate of healing is unusually
                  | fast. [potion of mutation]
  1352 | D:2      | Lost mutation: You sometimes lose the ability to read
                  | scrolls when taking damage. [potion of mutation]
  1352 | D:2      | Lost mutation: Your body often deteriorates upon taking
                  | damage. [potion of mutation]
  1352 | D:2      | Gained mutation: You occasionally shout uncontrollably at
                  | your foes. [potion of mutation]
  1352 | D:2      | Gained mutation: You are strong-willed. (Will+) [potion of
                  | mutation]
  1353 | D:2      | Lost mutation: Your body sometimes deteriorates upon taking
                  | damage. [potion of mutation]
  1353 | D:2      | Lost mutation: You occasionally shout uncontrollably at
                  | your foes. [potion of mutation]
  1353 | D:2      | Lost mutation: You are strong-willed. (Will+) [potion of
                  | mutation]
  1353 | D:2      | Gained mutation: Your mind is acute. (Int +2) [potion of
                  | mutation]
  1353 | D:2      | Gained mutation: Your muscles are strong. (Str +2) [potion
                  | of mutation]
  1373 | D:3      | Reached XP level 3. HP: 25/26 MP: 8/8
  1621 | D:3      | Noticed Ijyb
  1640 | D:3      | Killed Ijyb
  1641 | D:3      | Reached skill level 3 in Summonings
  1696 | D:3      | Reached XP level 4. HP: 30/33 MP: 9/9
  1702 | D:3      | Learned a level 3 spell: Call Canine Familiar
  1812 | D:3      | Reached skill level 4 in Summonings
  1896 | D:3      | Noticed Grinder
  1933 | D:3      | Paralysed by Grinder for 5 turns
  1938 | D:3      | Killed Grinder
  1939 | D:3      | Reached skill level 5 in Summonings
  1939 | D:3      | Reached XP level 5. HP: 37/38 MP: 10/10
  1999 | D:3      | Reached XP level 6. HP: 40/45 MP: 11/11
  2317 | D:4      | Reached skill level 6 in Summonings
  2880 | D:4      | HP: 2/45 [ogre/+0 giant club (18)]
  2894 | D:4      | Reached skill level 2 in Armour
  2943 | D:4      | Noticed a steam dragon
  2953 | D:4      | Killed a steam dragon
  2954 | D:4      | Reached skill level 3 in Armour
  2954 | D:4      | Reached XP level 7. HP: 40/50 MP: 9/12
  3358 | D:5      | Entered Level 5 of the Dungeon
  3407 | D:5      | You pick up a book of Conjurations {@e2} and begin
                  | reading...
  3407 | D:5      | You add the spells Magic Dart, Searing Ray and Fulminant
                  | Prism to your library.
  3417 | D:5      | You pick up a book of the Warp and begin reading...
  3417 | D:5      | You add the spells Dispersal and Disjunction to your
                  | library.
  3883 | D:5      | Reached skill level 4 in Armour
  4220 | D:6      | Reached skill level 7 in Summonings
  4362 | D:6      | Reached skill level 5 in Armour
  4409 | D:6      | Reached XP level 8. HP: 52/57 MP: 10/13
  4848 | D:6      | Noticed Maggie
  4858 | D:6      | HP: 14/57 [Maggie/bolt of acid (22)]
  4858 | D:6      | Killed from afar by Maggie

Vanquished Creatures
  Grinder (D:3)
  2 sky beasts (D:6)
  An ice beast (D:6)
  2 ogres
  4 hounds
  An orc priest (D:4)
  Ijyb (D:3)
  2 iguanas
  An orc wizard (D:5)
  5 adders
  3 gnolls (D:5)
  A worm (D:3)
  15 orcs
  5 ball pythons
  2 bats (D:2)
  8 endoplasms
  5 giant cockroaches
  7 goblins
  4 hobgoblins
  7 jackals (D:3)
  2 quokkas (D:3)
  2 frilled lizards
  3 kobolds
  7 rats
91 creatures vanquished.

Vanquished Creatures (collateral kills)
  A steam dragon (D:4)
  A sky beast (D:6)
  A scorpion (D:6)
  An iguana (D:6)
  A gnoll (D:5)
  3 adders
  A shadow imp (D:6)
  A worm (D:4)
  A dart slug (D:5)
  5 orcs
  2 ball pythons (D:4)
  A giant cockroach (D:4)
  A quokka (D:4)
20 creatures vanquished.

Vanquished Creatures (others)
  2 plants (D:4)
2 creatures vanquished.

Grand Total: 113 creatures vanquished

Table legend:
 A = Non-vault XP
 B = Vault XP
 C = Vault XP percentage of total XP
 D = Non-vault monster count
 E = Vault monster count
 F = Vault count percentage of total count
                 A         B        C        D         E       F
            +---------+---------+-------+---------+---------+-------
      Total |    1736 |     305 |  14.9 |     109 |       2 |   1.8
            +---------+---------+-------+---------+---------+-------
        D:1 |      26 |       0 |   0.0 |      15 |       0 |   0.0
        D:2 |      20 |       0 |   0.0 |      12 |       0 |   0.0
        D:3 |     213 |     305 |  58.9 |      38 |       2 |   5.0
        D:4 |     408 |       0 |   0.0 |      21 |       0 |   0.0
        D:5 |     327 |       0 |   0.0 |      14 |       0 |   0.0
        D:6 |     742 |       0 |   0.0 |       9 |       0 |   0.0
            +---------+---------+-------+---------+---------+-------

Illustrated notes

Table legend:
 A = Kills in this place as a percentage of kills in entire the game.
 B = Kills by you in this place as a percentage of kills by you in the entire game.
 C = Kills by friends in this place as a percentage of kills by friends in the entire game.
 D = Other kills in this place as a percentage of other kills in the entire game.
 E = Experience gained in this place as a percentage of experience gained in the entire game.
 F = Experience gained in this place divided by the number of levels of this place that you have seen.
                   A       B       C       D       E      F
               +-------+-------+-------+-------+-------+----------------------
         Total | 100.0 | 100.0 | 100.0 |   N/A | 100.0 | 340.2
       Dungeon | 100.0 | 100.0 | 100.0 |   N/A | 100.0 | 340.2
               +-------+-------+-------+-------+-------+----------------------

Table legend: (Time is in decaauts)
 A = Elapsed time spent in this place.
 B = Non-inter-level travel time spent in this place.
 C = Inter-level travel time spent in this place.
 D = Time resting spent in this place.
 E = Time spent auto-exploring this place.
 F = Levels seen in this place.
 G = Mean time per level.
                   A        B        C        D        E       F      G
               +--------+--------+--------+--------+--------+-----+--------+
         Total |   4942 |   4742 |    200 |    280 |   3493 |   6 |  823.7 |
       Dungeon |   4942 |   4742 |    200 |    280 |   3493 |   6 |  823.7 |
               +--------+--------+--------+--------+--------+-----+--------+

Top non-repeatable levels by time:
     D:3: 1264 daAuts
     D:1: 874 daAuts
     D:5: 820 daAuts
     D:4: 786 daAuts
     D:6: 709 daAuts
     D:2: 487 daAuts
